 Dungeon Crawl Stone Soup version 0.26-a0-833-g7262b39652 (webtiles) character file.

Game seed: 16247566864564447646

2879 1994 the Cleaver (level 9, -2/81 HPs)
             Began as a Hill Orc Gladiator on Nov 16, 2020.
             Was a Follower of Uskayaw.
             Slain by an unseen horror (8 damage)
             ... on level 7 of the Dungeon.
             The game lasted 00:13:29 (9033 turns).

1994 the Cleaver (Hill Orc Gladiator)               Turns: 9033, Time: 00:13:30

Health: -2/81      AC:  9    Str: 20    XL:     9   Next: 76%
Magic:  12/12      EV: 10    Int:  8    God:    Uskayaw [*.....]
Gold:   380        SH:  0    Dex: 12    Spells: 8/8 levels left

rFire    . . .     SeeInvis .   a - +0 war axe
rCold    . . .     Faith    +   (no shield)
rNeg     . . .     Spirit   .   p - +0 scale mail (curse)
rPois    .         Reflect  .   c - +1 helmet
rElec    .         Harm     .   z - +0 cloak
rCorr    +         Rampage  .   (no gloves)
MR       .....                  (no boots)
Stlth    ..........             x - amulet of faith
HPRegen  0.23/turn              n - ring of resist corrosion
MPRegen  0.13/turn              (no ring)

@: no status effects
A: no striking features
a: Stomp, Renounce Religion


You were on level 7 of the Dungeon.
You worshipped Uskayaw.
Uskayaw was noncommittal.
You visited 2 branches of the dungeon, and saw 8 of its levels.

You collected 380 gold pieces.

Inventory:

Hand Weapons
 a - a +0 war axe (weapon)
 b - a +0 battleaxe
Missiles
 d - 3 throwing nets
 f - 77 stones
 h - 5 javelins
 q - 16 poisoned darts (quivered)
 y - 3 boomerangs
Armour
 c - a +1 helmet (worn)
 p - a cursed +0 scale mail (worn)
 r - a +0 chain mail
 z - a +0 cloak (worn)
 C - a +0 plate armour
Jewellery
 n - a ring of resist corrosion (left hand)
 u - an uncursed ring of ice
 x - an amulet of faith (around neck)
Wands
 v - a wand of polymorph (3)
Scrolls
 i - a scroll of fog
 j - a scroll of immolation {unknown}
 l - 2 scrolls of blinking
 m - 6 scrolls of teleportation
 A - a scroll of magic mapping {unknown}
 D - a scroll of remove curse {unknown}
Potions
 g - a potion of cancellation
 k - a potion of haste
 o - a potion of magic
 s - a potion of invisibility
 t - a potion of ambrosia
 w - a potion of lignification
 B - a potion of attraction
 E - a potion of heal wounds {unknown}


   Skills:
 + Level 8.0 Fighting
 * Level 12.1 Axes
 + Level 6.0 Throwing
 - Level 2.4 Dodging
 * Level 4.2 Invocations


You had 8 spell levels left.
You didn't know any spells.
Your spell library was empty.

Dungeon Overview and Level Annotations

Branches:
Dungeon (7/15)             Temple (1/1) D:6

Altars:
Ashenzari
Cheibriados
Dithmenos
Elyvilon
Gozag
Hepliaklqana
Kikubaaqudgha
Makhleb
Nemelex Xobeh
Okawaru
Ru
Sif Muna
Trog
Uskayaw
Vehumet
Wu Jian
Xom
Yredelemnul
Zin
The Shining One

Annotations:
D:6 2 transporters, KristoblXynda's ghost, novice TrWz


Message History

You completely miss something. Something hits you.
You swing at nothing.
You feel sick.
You swing at nothing.
You swing at nothing.
Something hits you.
You swing at nothing.
You feel sick. Something hits you.
You closely miss something. Something hits you.
* * * LOW HITPOINT WARNING * * *
Something hits you but does no damage.
You closely miss something. Something hits you but does no damage.
Something hits you!
* * * LOW HITPOINT WARNING * * *
You hit something but do no damage.
You feel sick. Something hits you.
* * * LOW HITPOINT WARNING * * *
Something hits you!
* * * LOW HITPOINT WARNING * * *
Okay, then.
You feel better. Something hits you.
* * * LOW HITPOINT WARNING * * *
Something hits you!
You die...

#........## #......#.
#........### ##.##..###
#..........####.###....#
#.......###...#..##......
.##########)........_.... #.
#..#......#.........
###..##..##...#.##.....⌠..
#($##..##.#..##.##........
#({##..##@#.###.##......._
#########.#.......##......
##...†####.#....#.####.....
#.####....##......# ##.... #.#
#########....####..... #.#
#..'....#.....#....... ##
###.####..#.88.#.............
.####.##....###.88.#.............
.......########....#.....#.......


There were no monsters in sight!

Vanquished Creatures
  Prince Ribbit (D:5)
  Grinder (D:3)
  Sigmund (D:3)
  A water moccasin (D:7)
  2 orc warriors
  A black bear (D:7)
  4 ogres
  A phantom (D:6)
  2 centaurs
  3 bullfrogs
  A water moccasin zombie (D:6)
  A water moccasin skeleton (D:3)
  2 scorpions
  2 howler monkeys
  3 hounds
  A jelly (D:7)
  5 orc wizards
  2 orc priests
  2 bullfrog skeletons
  Jessica (D:2)
  Natasha (D:2)
  An iguana (D:6)
  5 worker ants
  A hound zombie (D:7)
  2 worker ant zombies
  A howler monkey zombie (D:7)
  11 adders
  A gnoll (D:7)
  A shadow imp (D:7)
  4 white imps
  2 ufetubi
  2 oozes (D:1)
  An adder skeleton (D:6)
  5 leopard geckos
  21 orcs
  7 bats
  4 giant cockroaches (D:1)
  7 goblins
  8 hobgoblins
  6 jackals
  4 quokkas
  3 ball pythons
  6 frilled lizards
  4 kobolds
  A leopard gecko zombie (D:5)
  A quokka zombie (D:3)
  7 rats
154 creatures vanquished.

Vanquished Creatures (others)
  4 plants (D:7)
  2 withered plants (D:3)
6 creatures vanquished.

Grand Total: 160 creatures vanquished

Notes
Turn   | Place    | Note
-------+----------+-------------------------------------------
     0 | D:1      | 1994 the Hill Orc Gladiator began the quest for the Orb.
     0 | D:1      | Reached XP level 1. HP: 18/18 MP: 1/1
   252 | D:1      | Reached XP level 2. HP: 24/25 MP: 2/2
   594 | D:1      | Reached XP level 3. HP: 27/30 MP: 3/3
   778 | D:1      | Reached skill level 5 in Axes
  1269 | D:2      | Noticed Jessica
  1284 | D:2      | Killed Jessica
  1285 | D:2      | Reached XP level 4. HP: 28/38 MP: 4/4
  1840 | D:2      | Reached XP level 5. HP: 43/45 MP: 5/5
  1904 | D:2      | Reached skill level 6 in Axes
  2115 | D:2      | Found a glowing golden altar of the Shining One.
  2187 | D:2      | Noticed Natasha
  2193 | D:2      | Killed Natasha
  2552 | D:3      | Noticed Grinder
  2569 | D:3      | Killed Grinder
  2570 | D:3      | Reached skill level 7 in Axes
  2570 | D:3      | Reached XP level 6. HP: 35/53 MP: 6/6
  2769 | D:3      | Noticed Sigmund
  2864 | D:3      | Killed Sigmund
  2865 | D:3      | Reached skill level 5 in Fighting
  2865 | D:3      | Reached skill level 8 in Axes
  2865 | D:3      | Reached XP level 7. HP: 40/61 MP: 7/7
  4050 | D:4      | Reached skill level 9 in Axes
  4050 | D:4      | Reached XP level 8. HP: 70/70 MP: 8/8
  4503 | D:5      | Entered Level 5 of the Dungeon
  5398 | D:5      | Reached skill level 10 in Axes
  5592 | D:5      | Noticed Prince Ribbit
  5608 | D:5      | Killed Prince Ribbit
  5609 | D:5      | Reached skill level 5 in Throwing
  5952 | D:5      | Reached XP level 9. HP: 65/79 MP: 9/9
  6446 | D:6      | Reached skill level 11 in Axes
  6867 | D:6      | Found a staircase to the Ecumenical Temple.
  6878 | D:6      | Found a transporter.
  6882 | D:6      | Found a transporter.
  6882 | D:6      | Noticed KristoblXynda's ghost (novice TrWz)
  6919 | Temple   | Entered the Ecumenical Temple
  7141 | Temple   | Became a worshipper of Uskayaw the Reveller
  7227 | D:6      | Noticed a queen bee
  7230 | D:6      | Noticed a hornet
  7241 | D:6      | Reached * piety under Uskayaw
  7400 | D:6      | Reached ** piety under Uskayaw
  7529 | D:6      | Reached skill level 1 in Invocations
  7933 | D:7      | Reached *** piety under Uskayaw
  8121 | D:7      | Found an ornate altar of the Wu Jian Council.
  8130 | D:7      | Found a broken altar of Ashenzari.
  8989 | D:7      | Reached skill level 12 in Axes
  9032 | D:7      | HP: 4/81 [something (7)]
  9033 | D:7      | Slain by an unseen horror

Illustrated notes

Levels and vault maps discovered:
D:1:      onia_arrival_pentagram, layout_loops_corners,
          hangedman_decor_opposing, minmay_misc_feat_rows
D:2:      minmay_evil_eye, layout_loops_corners, nicolae_tso_swordbearing_angel,
          uniq_natasha, uniq_jessica
D:3:      layout_rooms, serial_undead, serial_undead_b, serial_undead_f,
          serial_undead_a, serial_undead_a, serial_undead_e, uniq_grinder,
          uniq_sigmund
D:4:      layout_loops_ring
D:5:      layout_basic, uniq_prince_ribbit1
D:6:      layout_gridville, temple_green, gammafunk_ghost_hive
D:7:      minmay_chambers_of_fours, layout_layer_cave,
          grunt_temple_overflow_open, worms_lemuel, uniq_menkaure
Temple:   dpeg_five_rooms_temple

Skill      XL: |  1  2  3  4  5  6  7  8  9 |
---------------+----------------------------+-----
Throwing       | 2 3 4 5 6 |  6.0
Fighting       | 3 4 5 7 8 |  8.0
Axes           | 5 7 8 9 10 12 | 12.1
Invocations    | 4 |  4.2
Dodging        | |  2.4

Action                   |  1- 3 |  4- 6 |  7- 9 || total
-------------------------+-------+-------+-------++-------
Melee: War axe           |    80 |   104 |   341 ||   525
Throw: Dart              |       |       |    35 ||    35
  Use: Scroll            |       |       |    15 ||    15
       Potion            |       |       |     1 ||     1
 Stab: Paralysed         |       |       |     2 ||     2
Armor: Ring mail         |    31 |     3 |       ||    34
       Scale mail        |       |    49 |   137 ||   186
Dodge: Dodged            |    54 |    67 |   179 ||   300

Table legend: (Time is in decaauts)
 A = Elapsed time spent in this place.
 B = Non-inter-level travel time spent in this place.
 C = Inter-level travel time spent in this place.
 D = Time resting spent in this place.
 E = Time spent auto-exploring this place.
 F = Levels seen in this place.
 G = Mean time per level.
                   A        B        C        D        E       F      G
               +--------+--------+--------+--------+--------+-----+--------+
         Total |   9062 |   8651 |    411 |   2280 |   4543 |   8 | 1132.8 |
       Dungeon |   8789 |   8460 |    329 |   2280 |   4355 |   7 | 1255.6 |
        Temple |    272 |    190 |     82 |      0 |    188 |   1 |  272.0 |
               +--------+--------+--------+--------+--------+-----+--------+

Top non-repeatable levels by time:
     D:5: 1969 daAuts
     D:2: 1478 daAuts
     D:6: 1137 daAuts
     D:1: 1131 daAuts
     D:7: 1106 daAuts
     D:3: 1078 daAuts
     D:4: 887 daAuts
  Temple: 272 daAuts
